 Dungeon Crawl Stone Soup version 0.19.0 (webtiles) character file.

53 TheGoonsmith the Caller (level 3, 0/30 HPs)
             Began as a Merfolk Summoner on Nov 17, 2016.
             Slain by a gnoll
             ... wielding a +0 spear
              (6 damage)
             ... on level 3 of the Dungeon.
             The game lasted 00:03:26 (2388 turns).

TheGoonsmith the Caller (Merfolk Summoner)          Turns: 2388, Time: 00:03:27

Health: 0/30       AC:  3    Str:  8    XL:     3   Next: 87%
Magic:  1/6        EV: 13    Int: 15    God:
Gold:   68         SH:  0    Dex: 14    Spells: 2 memorised, 3 levels left

rFire  . . .     SeeInvis .     m - +0 club
rCold  . . .     Gourm    .     a - +0 robe
rNeg   . . .     Faith    .     (no shield)
rPois  .         Spirit   .     e - +0 helmet (curse)
rElec  .         Reflect  .     (no cloak)
rCorr  .         Harm     .     (no gloves)
MR     .....                    (no boots)
Stlth  ++........               (no amulet)
                                (no ring)
                                (no ring)

@: no status effects
A: change form in water, swift swim, stealthy swim
a: no special abilities


You were on level 3 of the Dungeon.
You were not hungry.

You visited 1 branch of the dungeon, and saw 3 of its levels.

You collected 68 gold pieces.

Inventory:

Hand Weapons
 m - a +0 club (weapon)
Armour
 a - a +0 robe (worn)
 e - a cursed +0 helmet (worn)
Jewellery
 j - an uncursed ring of stealth {unknown}
 o - an uncursed ring of protection from cold {unknown}
 q - a +3 ring of evasion {unknown}
Wands
 t - a wand of lightning (7/15)
Scrolls
 d - 2 scrolls of blinking {unknown}
 f - 3 scrolls of enchant weapon {unknown}
 i - 2 scrolls of teleportation {unknown}
 k - a scroll of remove curse {unknown}
 l - 2 scrolls of recharging {unknown}
 r - 4 scrolls of identify {unknown}
Potions
 h - a potion of curing {unknown}
 p - a potion of degeneration {unknown}
 s - a potion of lignification
 v - a potion of ambrosia {unknown}
Books
 b - a book of Callings

   Spells                             Type                      Level
   a - Summon Small Mammal            Summoning                    1
   b - Call Imp                       Summoning                    2
   c - Call Canine Familiar           Summoning                    3
   d - Summon Guardian Golem          Hexes/Summoning              3
   e - Summon Lightning Spire         Summoning/Air                4
   f - Summon Ice Beast               Ice/Summoning                4
Comestibles
 c - 3 bread rations
 g - 2 meat rations
 n - a royal jelly


   Skills:
 + Level 3.7 Fighting
 - Level 2.6 Dodging
 - Level 2.1 Stealth
 - Level 2.0 Spellcasting
 - Level 4.0 Summonings


You had 3 spell levels left.
You knew the following spells:

 Your Spells              Type           Power        Failure   Level  Hunger
a - Summon Small Mammal   Summ           ##..         4%          1    #......
b - Call Imp              Summ           ##......     8%          2    ###....


Dungeon Overview and Level Annotations

Branches:
Dungeon (3/15)

Altars:


Message History

The bat closely misses you.
You see here 11 gold pieces.
The bat closely misses you. The bat hits you but does no damage.
The bat closely misses you.
You see here 15 gold pieces.
The bat barely misses you. The bat barely misses you.
Casting: Call Imp
Confirm with . or Enter, or press ? or * to list all spells.
A beastly little devil appears in a puff of flame.
Your crimson imp says, "You called?"
The bat hits your crimson imp. The gnoll closely misses you.
The gnoll hits your crimson imp but does no damage.
Your crimson imp blinks!
Casting: Call Imp
Confirm with . or Enter, or press ? or * to list all spells.
The gnoll hits you but does no damage.
Your crimson imp blinks!
The gnoll hits you from afar with a spear.
You die...

## ..#. # # ... .#. #.# ..#
#.# #.# #.# #.# #.# #.# #5#
#.# #.# #.###.####@# #.# #.#
#......bgr.# #.# #.#
#####$###### #.# #.# #.# #.#
#<# #$# ##.# #.# #.#####
#..#####.#####
##.....####.........†<..
.......................(....
.##$######.#.##.##.#########


You could see a gnoll, a bat, a friendly crimson imp and a friendly quokka.

Vanquished Creatures
  A dart slug (D:2)
  2 bats (D:2)
  A giant cockroach (D:1)
  2 goblins
  4 rats
10 creatures vanquished.

Vanquished Creatures (collateral kills)
  2 gnolls (D:3)
  2 adders (D:2)
  A dart slug (D:1)
  A leopard gecko (D:1)
  2 giant cockroaches
  4 goblins (D:1)
  3 hobgoblins (D:2)
  3 jackals (D:1)
  A ball python (D:1)
  4 bats
  A frilled lizard (D:3)
  2 kobolds
  6 rats (D:2)
32 creatures vanquished.

Grand Total: 42 creatures vanquished

Notes
Turn   | Place    | Note
-------+----------+-------------------------------------------
     0 | D:1      | TheGoonsmith the Merfolk Summoner began the quest for the Orb.
     0 | D:1      | Reached XP level 1. HP: 13/13 MP: 3/3
    95 | D:1      | Reached skill level 1 in Fighting
   620 | D:1      | Reached XP level 2. HP: 16/22 MP: 3/5
   867 | D:1      | Learned a level 2 spell: Call Imp
  1689 | D:2      | Reached XP level 3. HP: 6/28 MP: 1/6
  2388 | D:3      | Slain by a gnoll

Skill      XL: |  1  2  3 |
---------------+----------+-----
Fighting       | 1 2 3 |  3.7
Dodging        | |  2.6
Stealth        | |  2.1
Spellcasting   | |  2.0
Summonings     | |  4.0

Action                   || total
-------------------------++-------
Melee: Unarmed           ||    20
       Club              ||    43
 Cast: Summon Small Mamm ||    45
       Call Imp          ||    12
  Use: Potion            ||     1
 Stab: Distracted        ||     1
  Eat: Chunk             ||     6
Armor: Robe              ||    43
Dodge: Dodged            ||    92
